 Dungeon Crawl Stone Soup version 0.27-a0-679-g77a6b55cf3 (webtiles) character file.

Game seed: 9907404500593894452

37 kae the Ruffian (level 3, -3/31 HPs)
             Began as a Naga Transmuter on Mar 18, 2021.
             Slain by a kobold
             ... wielding a +0 whip
              (8 damage)
             ... on level 1 of the Dungeon.
             The game lasted 00:00:47 (1522 turns).

kae the Ruffian (Naga Transmuter)                   Turns: 1522, Time: 00:00:48

Health: -3/31      AC:  2    Str: 13    XL:     3   Next: 39%
Magic:  4/6        EV: 10    Int: 13    God:
Gold:   69         SH:  0    Dex: 11    Spells: 5/6 levels left

rFire    . . .     SeeInvis +     - Unarmed
rCold    . . .     Faith    .   (no shield)
rNeg     . . .     Spirit   .   a - +0 robe
rPois    +         Reflect  .   (helmet currently unavailable)
rElec    .         Harm     .   (no cloak)
rCorr    .         Rampage  .   (no gloves)
Will     .....                  (no barding)
Stlth    +.........             (no amulet)
HPRegen  0.10/turn              (no ring)
MPRegen  0.10/turn              (no ring)

@: appendages, very slightly contaminated, very slow
A: horns 2, AC +1, large, see invisible, deformed body, poison resistance,
slowness 2, spit poison 1, naga tail 1
a: Spit Poison, End Transformation


You were on level 1 of the Dungeon.
You had temporarily grown beastly horns.
You visited 1 branch of the dungeon, and saw 2 of its levels.

You collected 69 gold pieces.

Inventory:

Armour
 a - a +0 robe (worn)
Scrolls
 b - a scroll of fear {unknown}
 d - a scroll of teleportation {unknown}
 e - a scroll of identify {unknown}
Potions
 c - a potion of might {unknown}


   Skills:
 + Level 1.4 Fighting
 + Level 1.8 Dodging
 * Level 3.3 Unarmed Combat
 + Level 2.2 Spellcasting
 * Level 2.6 Transmutations


You had 5 spell levels left.
You knew the following spells:

 Your Spells              Type           Power      Damage    Failure   Level
a - Beastly Appendage     Tmut           16%        N/A       9%          1

Your spell library contained the following spells:

 Spells                   Type           Power      Damage    Failure   Level
 Wereblood                Tmut           8%         N/A       13%         2
 Spider Form              Tmut/Pois      2%         N/A       41%         3
 Ice Form                 Ice/Tmut       4%         N/A       82%         4
 Blade Hands              Tmut           4%         N/A       93%         5


Dungeon Overview and Level Annotations

Branches:
Dungeon (2/15)

Altars:

Shops:
D:1 :


Innate Abilities, Weirdness & Mutations

You have temporarily grown beastly horns.
Your serpentine skin is tough. (AC +1)
You have supernaturally acute eyesight. (SInv)
Armour fits poorly on your strangely shaped body.
Your system is resistant to poisons. (rPois)
You cover ground very slowly.
You can spit poison.
You have a snake-like lower body.


Message History

Your horns disappear.
HP restored.
Done exploring.
Done exploring.
You climb downwards.
A worm comes into view.
The kobold barely misses you. The goblin hits you with a +0 club.
The kobold barely misses you. The goblin barely misses you.
There is a stone staircase leading up here.
The kobold hits you with a +0 whip! The goblin closely misses you.
You climb upwards.
There is a stone staircase leading down here.
Abil: Spit Poison
Press: ? - help, Q - select action, (/) - cycle Shift-Dir - straight line, f - goblin
Aim: a goblin, wielding a +0 club The splash of poison misses the goblin.
The kobold hits you with a +0 whip. The goblin barely misses you.
There are monsters nearby!
You can't do that yet.
You can't do that yet.
There are monsters nearby!
Casting: Beastly Appendage (safe; 9% risk of failure)
Confirm with . or Enter, or press ? or * to list all spells.
You don't know that spell.
Casting: Beastly Appendage (safe; 9% risk of failure)
Confirm with . or Enter, or press ? or * to list all spells.
You miscast Beastly Appendage.
You are very lightly contaminated with residual magic.
Nothing appears to happen.
The kobold barely misses you. The goblin misses you.
You hit the goblin.
You kill the goblin!
You have got your breath back.
The kobold hits you with a +0 whip.
* * * LOW HITPOINT WARNING * * *
Casting: Beastly Appendage (safe; 9% risk of failure)
Confirm with . or Enter, or press ? or * to list all spells.
You grow a pair of large bovine horns.
The kobold hits you with a +0 whip.
* * * LOW HITPOINT WARNING * * *
The kobold hits you with a +0 whip!
You die...

#........# #............#
#....>...# #.############
#........####.# #.............#
### #.............######.##
#.....................# ########
####+##.......######..####.......
####.##)###'########....#........
...............)@K....#.#...###'#
..##.##....(#########......##....
..#.......### #.#.##.#..#.#
.....##...###########.#.##.+.#.#.
.#...##...............#....#..#.#
##...##...##...####........##.)..
##...###..##...# #.######..###'#
##........#....####.# ##......
##.#.###..#.........# #♣####.....


You could see a kobold.

Vanquished Creatures
  3 dart slugs (D:1)
  7 bats (D:1)
  A giant cockroach (D:1)
  6 goblins (D:1)
  4 hobgoblins (D:1)
  A quokka (D:1)
  5 frilled lizards
  A kobold (D:1)
  3 rats (D:1)
31 creatures vanquished.

Notes
Turn   | Place    | Note
-------+----------+-------------------------------------------
     0 | D:1      | kae the Naga Transmuter began the quest for the Orb.
     0 | D:1      | Reached XP level 1. HP: 18/18 MP: 3/3
    79 | D:1      | Reached XP level 2. HP: 21/25 MP: 3/5
   786 | D:1      | Reached XP level 3. HP: 27/31 MP: 4/6
  1382 | D:1      | Found Cakhadeo's Book Emporium.
  1522 | D:1      | Slain by a kobold

Illustrated notes

Levels and vault maps discovered:
D:1:      eino_arrival_water_star, layout_basic, serial_shops,
          nicolae_shop_trees, minmay_box_of_dots
D:2:      layout_basic, lemuel_crystal_altar, lemuel_coloured_pillars_altar,
          serial_shops, shop

Action                   || total
-------------------------++-------
Melee: Unarmed           ||    46
       Headbutt          ||     4
       Punch             ||     1
 Cast: Beastly Appendage ||    24
 Abil: Spit Poison       ||    26
Armor: Robe              ||    23
Dodge: Dodged            ||    55

Table legend: (Time is in decaauts)
 A = Elapsed time spent in this place.
 B = Non-inter-level travel time spent in this place.
 C = Inter-level travel time spent in this place.
 D = Time resting spent in this place.
 E = Time spent auto-exploring this place.
 F = Levels seen in this place.
 G = Mean time per level.
                   A        B        C        D        E       F      G
               +--------+--------+--------+--------+--------+-----+--------+
         Total |   1769 |   1745 |     24 |      7 |   1498 |   2 |  884.5 |
       Dungeon |   1769 |   1745 |     24 |      7 |   1498 |   2 |  884.5 |
               +--------+--------+--------+--------+--------+-----+--------+

Top non-repeatable levels by time:
     D:1: 1760 daAuts
     D:2: 9 daAuts
